 Dungeon Crawl Stone Soup version 0.29-a0-872-g797fff5ad1 (webtiles) character file.

Game seed: 12761728204657106419

11 flotson the Sneak (level 2, 0/36 HPs)
             Began as a Demonspawn Delver on July 18, 2022.
             Succumbed to an adder's poison
             ... on level 3 of the Dungeon.
             The game lasted 00:01:33 (193 turns).

flotson the Sneak (Demonspawn Delver)                Turns: 193, Time: 00:01:33

Health: 0/36       AC:  3    Str: 12    XL:     2   Next: 13%
Magic:  2/2        EV: 12    Int: 11    God:
Gold:   12         SH:  0    Dex: 14    Spells: 1/1 levels left

rFire   . . .      SeeInvis .   a - +0 spear
rCold   . . .      Faith    .   (no shield)
rNeg    . . .      Spirit   .   b - +0 leather armour
rPois   .          Reflect  .   (no helmet)
rElec   .          Harm     .   (no cloak)
rCorr   .          Rampage  .   (no gloves)
Will    .....                   (no boots)
Stlth   ..........              (no amulet)
HPRegen 0.12/turn               (no ring)
MPRegen 0.08/turn               (no ring)

@: berserking (expiring), lethally poisoned (0 -> -5), very quick
A: ignite blood 1
a: no special abilities


You were on level 3 of the Dungeon.
You visited 1 branch of the dungeon, and saw 3 of its levels.

You collected 12 gold pieces.

Inventory:

Hand Weapons
 a - a +0 spear (weapon)
Armour
 b - a +0 leather armour (worn)
Wands
 g - a wand of digging (3)
Scrolls
 c - a scroll of fog
 e - a scroll of fear
 f - 2 scrolls of silence {unknown}


   Skills:
 + Level 3.1 Fighting
 + Level 0.4(1.2) Axes
 - Level 1.7(1.8) Polearms
 + Level 0.4 Armour
 + Level 2.0 Dodging
 - Level 4.5 Stealth
 + Level 0.5 Evocations


You had one spell level left.
You didn't know any spells.
Your spell library was empty.

Dungeon Overview and Level Annotations

Branches:
Dungeon (5/15)             Temple (0/1) D:4

Altars:


Innate Abilities, Weirdness & Mutations

Your demonic aura sometimes causes spilled blood to erupt in flames.


Message History

You closely miss the adder.
The adder is heavily wounded.
You feel sick. The adder bites you but does no damage.
You hit the adder.
The adder is heavily wounded.
* * * LOW HITPOINT WARNING * * *
You feel sick. The adder bites you.
* * * LOW HITPOINT WARNING * * *
You are more poisoned.
The adder poisons you! The adder barely misses you.
Unknown command.
It was a potion of berserk rage.
A red film seems to cover your vision as you go berserk!
You feel yourself moving faster!
You feel mighty!
* * * LOW HITPOINT WARNING * * *
You feel sick. The adder completely misses you.
You miss the adder.
The adder is heavily wounded.
* * * LOW HITPOINT WARNING * * *
You feel sick. The adder bites you but does no damage.
You miss the adder.
The adder is heavily wounded.
* * * LOW HITPOINT WARNING * * *
You feel sick.
You puncture the adder!
You kill the adder!
* * * LOW HITPOINT WARNING * * *
You feel sick.
Your Dodging skill increases to level 2!
You have reached level 2!
Your demonic ancestry asserts itself...
Your blood heats up.
There is a lethal amount of poison in your body!
You are too berserk!
You are too berserk!
Unknown command.
* * * LOW HITPOINT WARNING * * *
You feel sick.
You feel a strong urge to attack something.
You die...

#.....# ####....#
##.#.# ###.# #.#
#.# #.# #.#
##.###########.#
#.......@......#
#.....###########
##... .... ###


There were no monsters in sight!

Vanquished Creatures
  An adder (D:3)
  An orc (D:3)
2 creatures vanquished.

Notes
Turn   | Place    | Note
-------+----------+-------------------------------------------
     0 | D:5      | flotson the Demonspawn Delver began the quest for the Orb.
     0 | D:5      | Reached XP level 1. HP: 18/18 MP: 1/1
    22 | D:4      | Noticed a necrophage
    44 | D:4      | Noticed a phantom
   191 | D:3      | HP: 1/27 [poisoned by an adder]
   192 | D:3      | Gained mutation: Your demonic aura sometimes causes spilled
                  | blood to erupt in flames. [demonic ancestry]
   192 | D:3      | Reached XP level 2. HP: 2/24 MP: 2/2
   193 | D:3      | Succumbed to an adder's poison

Illustrated notes

Levels and vault maps discovered:
D:3:      layout_loops_corners, tgw_kikubaaqudgha, minitemple,
          mainiacjoe_overflow_paths, minmay_increasing_density
D:4:      layout_basic, fiery_altar_vehumet, lemuel_tele_altar,
          minmay_temple_entry_junction, minmay_misc_feat_doors,
          dk_noncrumbling_3, uniq_duvessa
D:5:      layout_rooms, elyvilon_altar_5, st_stairs_12, grunt_ministairs_13,
          uniq_grinder

Skill      XL: |  1 |
---------------+----+-----
Dodging        | 2 |  2.0
Fighting       | |  3.1
Axes           | |  0.4
Polearms       | |  1.7
Armour         | |  0.4
Stealth        | |  4.5
Evocations     | |  0.5

Action                   || total
-------------------------++-------
Melee: Spear             ||    18
  Use: Potion            ||     2
       Scroll            ||     1
Armor: Leather armour    ||     2
Dodge: Dodged            ||    10

Table legend: (Time is in decaauts)
 A = Elapsed time spent in this place.
 B = Non-inter-level travel time spent in this place.
 C = Inter-level travel time spent in this place.
 D = Time resting spent in this place.
 E = Time spent auto-exploring this place.
 F = Levels seen in this place.
 G = Mean time per level.
                   A        B        C        D        E       F      G
               +--------+--------+--------+--------+--------+-----+--------+
         Total |    174 |    174 |      0 |      0 |     90 |   3 |   58.0 |
       Dungeon |    174 |    174 |      0 |      0 |     90 |   3 |   58.0 |
               +--------+--------+--------+--------+--------+-----+--------+

Top non-repeatable levels by time:
     D:3: 102 daAuts
     D:4: 66 daAuts
     D:5: 5 daAuts
